 Dungeon Crawl Stone Soup version 0.29.1-2-gbd0b4ee654 (webtiles) character file.

Game seed: 10174077644635875008

151 GorkyZ the Ducker (level 5, -2/43 HPs)
             Began as a Demonspawn Gladiator on Nov 20, 2022.
             Slain by Natasha (3 damage)
             ... on level 2 of the Dungeon.
             The game lasted 00:05:35 (1962 turns).

GorkyZ the Ducker (Demonspawn Gladiator)            Turns: 1962, Time: 00:05:36

Health: -2/43      AC:  7    Str: 16    XL:     5   Next: 10%
Magic:  5/5        EV: 14    Int:  9    God:
Gold:   77         SH:  2    Dex: 15    Spells: 4/4 levels left

rFire   . . .      SeeInvis +   a - +0 war axe (venom)
rCold   . . .      Faith    .   (no shield)
rNeg    . . .      Spirit   .   j - +0 ring mail
rPois   .          Reflect  .   (helmet restricted)
rElec   .          Harm     .   (no cloak)
rCorr   .          Rampage  .   (no gloves)
Will    .....                   (no boots)
Stlth   +.........              (no amulet)
HPRegen 0.14/turn               o - ring of the Octopus King {HP+2 AC+2 EV+2 SH+2 SInv}
MPRegen 0.09/turn               (no ring)

@: slowed, very slow
A: horns 1, powered by death 2
a: no special abilities


You were on level 2 of the Dungeon.
You visited 1 branch of the dungeon, and saw 2 of its levels.

You collected 77 gold pieces.

Inventory:

Hand Weapons
 a - a +0 war axe of venom (weapon)
 q - a +0 war axe
Missiles
 d - 3 throwing nets (quivered)
 e - a javelin
 k - 4 poisoned darts
Armour
 b - a +0 leather armour
 c - a +0 helmet
 j - a +0 ring mail (worn)
Jewellery
 o - a ring of the Octopus King (left hand) {HP+2 AC+2 EV+2 SH+2 SInv}
   (You found it on level 2 of the Dungeon)

   [ring of see invisible]

   AC:        It affects your AC (+2).
   EV:        It affects your evasion (+2).
   HP:        It affects your health (+2).
   SInv:      It lets you see invisible.
   SH:        It affects your SH (+2).
Wands
 n - a wand of iceblast (5)
Scrolls
 f - 2 scrolls of identify
 i - 2 scrolls of torment
 m - 2 scrolls of teleportation {unknown}
Potions
 g - a potion of magic {unknown}
 h - a potion of heal wounds {unknown}
 p - a potion of flight {unknown}


   Skills:
 + Level 3.0 Fighting
 - Level 2.6 Axes
 + Level 2.8 Throwing
 + Level 2.0 Armour
 + Level 3.4 Dodging
 + Level 0.8 Evocations


You had 4 spell levels left.
You didn't know any spells.
Your spell library contained the following spells:

 Spells                   Type           Power      Damage    Failure   Level
 Ozocubu's Armour         Ice            0%         N/A       92%         3
 Metabolic Englaciation   Hex/Ice        0%         N/A       100%        5
 Simulacrum               Ice/Necr       0%         N/A       100%        6


Dungeon Overview and Level Annotations

Branches:
Dungeon (2/15)

Altars:

Annotations:
D:2 Natasha


Innate Abilities, Weirdness & Mutations

You have a pair of small horns on your head.
You regenerate health from kills.


Message History

The shadow imp hits you but does no damage.
Natasha claws you but does no damage. The shadow imp closely misses you.
The shadow imp hits you. Natasha casts a spell at you. The magic dart hits you.
You closely miss Natasha. You headbutt Natasha, but do no damage.
Natasha is almost dead.
You closely miss the shadow imp. You hit the shadow imp.
You kill the shadow imp!
The shadow imp disappears in a puff of smoke!
The shadow imp hits you. Natasha casts a spell at you. The magic dart hits you.
The shadow imp closely misses you.
Natasha stares at you and mumbles some strange words.
You feel as though you will be slow longer.
You closely miss Natasha. Your headbutt misses Natasha.
Natasha is almost dead.
You closely miss the shadow imp. The shadow imp closely misses you.
Natasha barely misses you. The shadow imp gestures at you.
Pain shoots through your body!
* * * LOW HITPOINT WARNING * * *
Natasha claws you.
* * * LOW HITPOINT WARNING * * *
As you read the scroll labelled NYUTIRIRAO, it crumbles to dust.
It is a scroll of identify.
i - 2 scrolls of torment The shadow imp closely misses you.
Natasha closely misses you.
As you read the scroll labelled IQOEZU GETSY, it crumbles to dust.
It is a scroll of brand weapon.
Your +0 war axe drips with poison.
a - a +0 war axe of venom (weapon)
The shadow imp closely misses you. Natasha misses you.
The shadow imp barely misses you. Natasha barely misses you.
You closely miss Natasha. Your headbutt misses Natasha.
Natasha is severely wounded.
You hit the shadow imp.
The shadow imp disappears in a puff of smoke!
Natasha claws you.
You die...

#...# #....# ...<........
##### ##..... ########....
....### ###.... .##..#
#### ##...... .. ..## ...#
#..#.... .. #.. ...#
#.##.... #. ...# #.#..†..
#.####§..# #.#.##).
#.#..@h..# #.......
#.#.##.?.# #.#.....
.####...# ...# ####.#.....
........# ...###....#.....
........# ...##..)..#.....
........# ####...~..#.....
#.......####..~...~.######
.............≈≈≈≈≈≈≈#
.####################


You could see Natasha.

Vanquished Creatures
  Natasha (twice) (D:2)
  Robin (D:2)
  2 adders (D:2)
  A worm (D:2)
  5 bats
  5 endoplasms
  A giant cockroach (D:1)
  14 goblins
  4 hobgoblins
  2 jackals (D:2)
  8 kobolds
  5 quokkas
  3 ball pythons
  4 frilled lizards
  10 rats
67 creatures vanquished.

Vanquished Creatures (others)
  7 withered plants (D:2)
7 creatures vanquished.

Grand Total: 74 creatures vanquished

Notes
Turn   | Place    | Note
-------+----------+-------------------------------------------
     0 | D:1      | GorkyZ the Demonspawn Gladiator began the quest for the
                  | Orb.
     0 | D:1      | Reached XP level 1. HP: 16/16 MP: 1/1
   312 | D:1      | Gained mutation: You regenerate a little health from kills.
                  | [demonic ancestry]
   312 | D:1      | Reached XP level 2. HP: 20/22 MP: 2/2
   770 | D:1      | Reached skill level 1 in Armour
  1099 | D:1      | Gained mutation: You have a pair of small horns on your
                  | head. [demonic ancestry]
  1099 | D:1      | Reached XP level 3. HP: 24/28 MP: 3/3
  1482 | D:2      | Noticed Natasha
  1497 | D:2      | Killed Natasha
  1498 | D:2      | Reached XP level 4. HP: 23/34 MP: 4/4
  1728 | D:2      | Found the ring of the Octopus King
  1735 | D:2      | Identified a ring of the Octopus King {HP+2 AC+2 EV+2 SH+2
                  | SInv}
  1736 | D:2      | Noticed Natasha
  1741 | D:2      | Killed Natasha
  1797 | D:2      | Noticed Robin
  1811 | D:2      | Found a faded altar of an unknown god.
  1816 | D:2      | Killed Robin
  1817 | D:2      | Gained mutation: You regenerate health from kills. [demonic
                  | ancestry]
  1817 | D:2      | Reached XP level 5. HP: 38/41 MP: 5/5
  1947 | D:2      | Noticed Natasha
  1959 | D:2      | HP: 1/43 [Natasha (4)]
  1962 | D:2      | Slain by Natasha

Illustrated notes

Levels and vault maps discovered:
D:1:      shiori_arrival_maze, layout_basic, minmay_bisected
D:2:      minmay_angry_zag, layout_rooms, ebering_ecumenical_altar_petrified,
          chequers_serial_rivers_micro_e, uniq_natasha, uniq_robin

Skill      XL: |  1  2  3  4  5 |
---------------+----------------+-----
Throwing       | 2 |  2.8
Armour         | 1 2 |  2.0
Dodging        | 3 |  3.4
Fighting       | 3 |  3.0
Axes           | |  2.6
Evocations     | |  0.8

Action                   |  1- 3 |  4- 6 || total
-------------------------+-------+-------++-------
Melee: War axe           |   112 |    76 ||   188
       Punch             |     1 |       ||     1
       Headbutt          |     4 |    14 ||    18
  Use: Scroll            |       |     2 ||     2
 Stab: Sleeping          |     1 |       ||     1
Armor: Leather armour    |    35 |       ||    35
       Ring mail         |     4 |    31 ||    35
Dodge: Dodged            |    77 |    72 ||   149
Block: Other             |       |     5 ||     5
